 Dungeon Crawl Stone Soup version 0.29.1-15-g9cfb28693d (webtiles) character file.

Game seed: 16701867449893812430

9 leafyfresh the Sneak (level 2, 0/21 HPs)
             Began as an Octopode Delver on Mar 4, 2023.
             Succumbed to a killer bee's poison
             ... on level 5 of the Dungeon.
             The game lasted 00:00:16 (73 turns).

leafyfresh the Sneak (Octopode Delver)                Turns: 73, Time: 00:00:16

Health: 0/21       AC:  1    Str: 11    XL:     2   Next: 12%
Magic:  2/2        EV: 13    Int: 12    God:
Gold:   15         SH:  0    Dex: 13    Spells: 1/1 levels left

rFire   . . .      SeeInvis .   a - +0 short sword
rCold   . . .      Faith    .   (no shield)
rNeg    . . .      Spirit   .   (helmet restricted)
rPois   .          Reflect  .   (no amulet)
rElec   .          Harm     .   (no ring)
rCorr   .          Rampage  .   (no ring)
Will    .....                   (no ring)
Stlth   ++++......              (no ring)
HPRegen 0.07/turn               (no ring)
MPRegen 0.08/turn               (no ring)
                                (no ring)
                                (no ring)

@: lethally poisoned (0 -> -7)
A: almost no armour, amphibious, 8 rings, camouflage 1, gelatinous body 1,
(nimble swimmer 1), tentacles
a: no special abilities


You were on level 5 of the Dungeon.
You visited 1 branch of the dungeon, and saw 1 of its levels.

You collected 15 gold pieces.

Inventory:

Hand Weapons
 a - a +0 short sword (weapon)
Wands
 f - a wand of digging (3)
Scrolls
 b - a scroll of fog
 c - a scroll of magic mapping
 d - a scroll of fear
Potions
 e - a potion of haste


   Skills:
 + Level 3.2 Fighting
 - Level 2.0 Short Blades
 + Level 2.2 Dodging
 + Level 6.8 Stealth


You had one spell level left.
You didn't know any spells.
Your spell library was empty.

Dungeon Overview and Level Annotations

Branches:
Dungeon (5/15)
 Temple: D:4-7

Altars:


Innate Abilities, Weirdness & Mutations

You cannot wear most types of armour.
You are amphibious.
You can wear up to eight rings at the same time.
Your skin changes colour to match your surroundings (Stealth+).
Your rubbery body absorbs attacks. (AC +1, EV +1)
((You are camouflaged when in or above water. (Stealth+)))
You have tentacles for arms and can constrict up to eight enemies at once.


Message History

Welcome, leafyfresh the Octopode Delver.
Are you destined to find the fantabulous Orb of Zot, or to die trying?
Press ? for a list of commands and other information.
Found a stone staircase leading down.
Found a stone staircase leading up.
No target in view!
Found a stone staircase leading down.
No target in view!
You now have 7 gold pieces.
You now have 15 gold pieces (gained 8).
An adder comes into view.
The helpless adder fails to defend itself.
You impale the adder!!
You kill the adder!
You have reached level 2!
You see here an adder corpse.
A killer bee comes into view.
A killer bee comes into view.
There are monsters nearby!
A killer bee comes into view.
Unknown command.
The killer bee buzzes angrily.
The killer bee buzzes angrily.
You hit the killer bee but do no damage.
You grab the killer bee. Your squeeze misses the killer bee.
You constrict the killer bee, but do no damage.
The killer bee stings you.
You are poisoned.
The killer bee poisons you! The killer bee barely misses you.
You barely miss the killer bee. You constrict the killer bee.
You feel sick. The killer bee misses you. The killer bee stings you. x2
* * * LOW HITPOINT WARNING * * *
You barely miss the killer bee.
The killer bee is lightly wounded.
You constrict the killer bee.
You die...

# #......>......
####...<...#####.....
.##.......## ##....#
..........# #.....#
..........## ##....#
.###.......###.....#
.# #........##.....#
## ##..............#
# #...........@..#
................yy.##
................y†..#
........##.......####
.###.... ####....# .#
#.... #....# .# #....
#....# .. #.. #.....#
#.....#


You could see 3 killer bees.

Vanquished Creatures
  An adder (D:5)
1 creature vanquished.

Notes
Turn   | Place    | Note
-------+----------+-------------------------------------------
     0 | D:5      | leafyfresh the Octopode Delver began the quest for the Orb.
     0 | D:5      | Reached XP level 1. HP: 16/16 MP: 1/1
    60 | D:5      | Reached XP level 2. HP: 21/21 MP: 2/2
    62 | D:5      | Noticed a killer bee
    63 | D:5      | Noticed a killer bee
    64 | D:5      | Noticed a killer bee
    73 | D:5      | Succumbed to a killer bee's poison

Illustrated notes

Levels and vault maps discovered:
D:5:      layout_layer_cave, minmay_temple_entry_ruins

Action                   || total
-------------------------++-------
Melee: Short sword       ||     4
       Constrict         ||     1
 Stab: Sleeping          ||     1
Dodge: Dodged            ||     2
